[ AOE2 MATCH · #505126350 ]
UnrankedSpanish vs Ethiopians
Player's team · LOSS
[ REPLAY ANALYSIS · EXTRACTED FROM THE RECORDED GAME ]
Feudal
10:35
Castle
22:14
Imperial
35:13
| APM avg | 81.1 |
| APM peak | 115 |
| eAPM avg | 27.3 |
| Villagers / military | 125 / 113 |
Focus
⚔️ 51.1% · 🌾 48.9%
Skirmisher ×86 · Mangonel ×5 · Spearman ×5 · Militia ×4 · Trebuchet (Packed) ×4 · Bombard Cannon ×3
Feudal
8:50
Castle
20:03
Imperial
32:23
| APM avg | 106.4 |
| APM peak | 155 |
| eAPM avg | 44.6 |
| Villagers / military | 198 / 155 |
Focus
⚔️ 43.3% · 🌾 56.7%
Archer ×82 · Scout Cavalry ×38 · Mangonel ×11 · Bombard Cannon ×10 · Monk ×6 · Skirmisher ×4
Match map
Initial resources + every placement click. Lines = walls · curves = elevation contours. ◆ gold · ⬟ stone · ● berries · ✦ relic · ◌ wall gap
Your base· ✓ Closed at 22:14 · 51t walls · 1 gate(s)
NOC | Terz's base· Open — 6t gap
Smoothed initial terrain · ◌ = detected wall gap · hover for details
Inputs per minute
— Macluffy - - NOC | Terz
Build order — Macluffy
First 150 of 363 actions detected
| 0:00 | Create | Villager (Male) |
| 0:01 | Create | Villager (Male) |
| 0:01 | Create | Villager (Male) |
| 0:02 | Build | House |
| 0:03 | Build | House |
| 0:06 | Build | House |
| 0:08 | Create | Villager (Male) |
| 1:25 | Create | Villager (Male) |
| 1:47 | Build | Lumber Camp |
| 1:54 | Create | Villager (Male) |
| 2:10 | Create | Villager (Male) |
| 2:40 | Create | Villager (Male) |
| 3:14 | Create | Villager (Male) |
| 3:33 | Create | Villager (Male) |
| 3:50 | Build | House |
| 3:58 | Create | Villager (Male) |
| 4:26 | Build | Barracks |
| 4:30 | Create | Villager (Male) |
| 4:53 | Create | Villager (Male) |
| 5:01 | Build | House |
| 5:09 | Create | Militia |
| 5:09 | Create | Militia |
| 5:14 | Build | Palisade Wall |
| 5:19 | Create | Villager (Male) |
| 5:32 | Build | House |
| 5:38 | Create | Villager (Male) |
| 5:50 | Create | Militia |
| 6:00 | Build | Palisade Wall |
| 6:13 | Create | Villager (Male) |
| 6:25 | Build | Mill |
| 6:30 | Build | Palisade Wall |
| 6:37 | Create | Villager (Male) |
| 7:01 | Create | Villager (Male) |
| 7:34 | Create | Villager (Male) |
| 7:46 | Build | House |
| 7:52 | Research | Loom |
| 8:20 | Build | Palisade Wall |
| 8:25 | Research | Feudal Age |
| 8:39 | Build | Mining Camp |
| 8:45 | Build | Palisade Wall |
| 8:47 | Build | Palisade Wall |
| 9:14 | Create | Villager (Male) |
| 9:53 | Create | Villager (Male) |
| 10:11 | Build | House |
| 10:13 | Create | Villager (Male) |
| 10:19 | Create | Villager (Male) |
| 10:28 | Create | Militia |
| 10:35 | Age | Feudal Age |
| 10:38 | Research | Man-at-Arms (upgrade) |
| 10:41 | Build | Archery Range |
| 10:43 | Create | Villager (Male) |
| 10:48 | Build | House |
| 10:55 | Build | Palisade Wall |
| 11:06 | Create | Villager (Male) |
| 11:15 | Create | Skirmisher |
| 11:16 | Create | Villager (Male) |
| 11:20 | Build | House |
| 11:20 | Build | Palisade Wall |
| 11:25 | Create | Skirmisher |
| 11:26 | Create | Villager (Male) |
| 11:32 | Build | Palisade Wall |
| 11:38 | Build | Farm |
| 11:48 | Create | Villager (Male) |
| 11:50 | Create | Skirmisher |
| 11:55 | Research | Double-Bit Axe |
| 12:06 | Create | Skirmisher |
| 12:17 | Build | Farm |
| 12:26 | Create | Villager (Male) |
| 12:39 | Create | Skirmisher |
| 12:45 | Create | Skirmisher |
| 12:45 | Create | Skirmisher |
| 12:49 | Build | Farm |
| 12:49 | Build | Farm |
| 13:23 | Create | Villager (Male) |
| 13:24 | Create | Villager (Male) |
| 13:25 | Build | Blacksmith |
| 13:40 | Build | Palisade Gate |
| 13:44 | Create | Skirmisher |
| 13:49 | Build | House |
| 13:57 | Build | Farm |
| 14:03 | Research | Fletching |
| 14:08 | Create | Skirmisher |
| 14:20 | Create | Villager (Male) |
| 14:27 | Build | Farm |
| 14:31 | Build | Farm |
| 14:36 | Create | Skirmisher |
| 14:48 | Create | Villager (Male) |
| 14:51 | Build | Farm |
| 14:58 | Build | Farm |
| 15:05 | Create | Villager (Male) |
| 15:09 | Create | Skirmisher |
| 15:21 | Build | Farm |
| 15:21 | Create | Spearman |
| 15:31 | Create | Skirmisher |
| 15:41 | Create | Villager (Male) |
| 15:45 | Build | Lumber Camp |
| 15:51 | Research | Padded Archer Armor |
| 15:57 | Create | Skirmisher |
| 16:04 | Build | Farm |
| 16:08 | Create | Villager (Male) |
| 16:13 | Build | Farm |
| 16:30 | Build | Farm |
| 16:31 | Create | Villager (Male) |
| 16:52 | Create | Skirmisher |
| 17:03 | Create | Skirmisher |
| 17:04 | Create | Villager (Male) |
| 17:07 | Build | Farm |
| 17:09 | Build | Farm |
| 17:22 | Create | Villager (Male) |
| 17:25 | Create | Skirmisher |
| 17:29 | Create | Villager (Male) |
| 17:44 | Build | Market |
| 17:45 | Create | Villager (Male) |
| 17:56 | Create | Villager (Male) |
| 18:07 | Create | Skirmisher |
| 18:08 | Create | Villager (Male) |
| 18:13 | Create | Villager (Male) |
| 18:49 | Create | Villager (Male) |
| 19:09 | Create | Spearman |
| 19:10 | Create | Villager (Male) |
| 19:30 | Research | Castle Age |
| 19:34 | Create | Villager (Male) |
| 20:08 | Create | Skirmisher |
| 20:18 | Research | Horse Collar |
| 20:27 | Create | Spearman |
| 20:47 | Research | Gold Mining |
| 20:57 | Create | Villager (Male) |
| 21:05 | Create | Skirmisher |
| 21:09 | Create | Spearman |
| 21:19 | Build | Stable |
| 21:25 | Create | Spearman |
| 21:49 | Build | House |
| 22:14 | Age | Castle Age |
| 22:16 | Research | Elite Skirmisher (upgrade) |
| 22:17 | Research | Bodkin Arrow |
| 22:17 | Create | Villager (Male) |
| 22:25 | Build | Town Center |
| 22:28 | Create | Knight |
| 22:31 | Create | Villager (Male) |
| 22:44 | Create | Villager (Male) |
| 22:47 | Create | Skirmisher |
| 22:58 | Create | Villager (Male) |
| 23:14 | Create | Villager (Male) |
| 23:22 | Build | Town Center |
| 23:24 | Create | Villager (Male) |
| 23:31 | Create | Villager (Male) |
| 23:36 | Create | Villager (Male) |
| 23:38 | Build | Monastery |
| 23:39 | Create | Villager (Male) |
| 23:53 | Create | Villager (Male) |
Build order — NOC | Terz
First 150 of 532 actions detected
| 0:00 | Create | Villager (Male) |
| 0:00 | Create | Villager (Male) |
| 0:00 | Create | Villager (Male) |
| 0:01 | Create | Villager (Male) |
| 0:02 | Build | House |
| 0:02 | Build | House |
| 1:24 | Create | Villager (Male) |
| 1:24 | Create | Villager (Male) |
| 1:46 | Build | Lumber Camp |
| 1:52 | Create | Villager (Male) |
| 2:08 | Create | Villager (Male) |
| 2:38 | Create | Villager (Male) |
| 2:56 | Build | House |
| 2:56 | Build | House |
| 3:04 | Create | Villager (Male) |
| 3:24 | Create | Villager (Male) |
| 3:48 | Create | Villager (Male) |
| 4:13 | Create | Villager (Male) |
| 4:29 | Build | Mill |
| 4:40 | Create | Villager (Male) |
| 5:03 | Create | Villager (Male) |
| 5:39 | Research | Loom |
| 6:12 | Create | Villager (Male) |
| 6:35 | Research | Feudal Age |
| 6:48 | Build | House |
| 6:58 | Create | Villager (Male) |
| 7:28 | Build | House |
| 7:29 | Build | Palisade Wall |
| 7:39 | Build | Barracks |
| 8:04 | Build | Palisade Wall |
| 8:05 | Build | Palisade Wall |
| 8:06 | Build | Palisade Wall |
| 8:10 | Build | Mining Camp |
| 8:20 | Build | Palisade Wall |
| 8:21 | Build | Palisade Wall |
| 8:24 | Build | Palisade Wall |
| 8:25 | Build | Palisade Wall |
| 8:50 | Age | Feudal Age |
| 8:52 | Build | House |
| 8:58 | Create | Villager (Male) |
| 9:11 | Build | Archery Range |
| 9:19 | Create | Villager (Male) |
| 9:34 | Create | Villager (Male) |
| 9:39 | Research | Double-Bit Axe |
| 9:55 | Create | Archer |
| 10:07 | Research | Horse Collar |
| 10:11 | Create | Villager (Male) |
| 10:17 | Create | Archer |
| 10:29 | Build | Farm |
| 10:38 | Create | Archer |
| 10:40 | Create | Villager (Male) |
| 10:45 | Create | Villager (Male) |
| 10:55 | Build | Farm |
| 10:55 | Create | Archer |
| 11:01 | Build | House |
| 11:02 | Build | House |
| 11:08 | Create | Villager (Male) |
| 11:22 | Create | Villager (Male) |
| 11:37 | Build | House |
| 11:49 | Create | Villager (Male) |
| 11:56 | Build | Blacksmith |
| 12:06 | Create | Archer |
| 12:10 | Build | House |
| 12:14 | Build | Palisade Wall |
| 12:20 | Create | Villager (Male) |
| 12:34 | Build | Farm |
| 12:40 | Create | Archer |
| 12:42 | Create | Villager (Male) |
| 12:44 | Build | House |
| 12:47 | Research | Fletching |
| 13:02 | Build | Farm |
| 13:20 | Build | Palisade Wall |
| 13:23 | Create | Archer |
| 13:32 | Create | Villager (Male) |
| 13:43 | Build | Palisade Wall |
| 13:45 | Create | Skirmisher |
| 13:53 | Build | Farm |
| 13:57 | Create | Skirmisher |
| 14:03 | Create | Villager (Male) |
| 14:10 | Build | House |
| 14:11 | Build | House |
| 14:12 | Build | Palisade Wall |
| 14:19 | Create | Villager (Male) |
| 14:28 | Build | Farm |
| 14:35 | Create | Villager (Male) |
| 14:39 | Build | Farm |
| 14:43 | Create | Skirmisher |
| 14:55 | Create | Villager (Male) |
| 15:07 | Build | Farm |
| 15:12 | Create | Skirmisher |
| 15:13 | Create | Archer |
| 15:27 | Build | Farm |
| 15:35 | Build | House |
| 15:39 | Build | Farm |
| 15:40 | Create | Villager (Male) |
| 15:52 | Build | Farm |
| 15:53 | Build | Farm |
| 15:59 | Create | Villager (Male) |
| 16:13 | Create | Archer |
| 16:18 | Build | Farm |
| 16:20 | Build | Farm |
| 16:30 | Create | Villager (Male) |
| 16:53 | Create | Villager (Male) |
| 17:03 | Create | Archer |
| 17:24 | Research | Castle Age |
| 17:24 | Research | Castle Age |
| 17:41 | Create | Archer |
| 18:06 | Create | Archer |
| 18:33 | Create | Archer |
| 18:35 | Research | Gold Mining |
| 19:16 | Create | Villager (Male) |
| 19:38 | Create | Archer |
| 20:03 | Age | Castle Age |
| 20:06 | Build | Archery Range |
| 20:07 | Build | Town Center |
| 20:15 | Build | Town Center |
| 20:16 | Research | Crossbowman (upgrade) |
| 20:16 | Research | Bodkin Arrow |
| 20:20 | Research | Bow Saw |
| 20:23 | Create | Villager (Male) |
| 20:33 | Research | Heavy Plow |
| 20:37 | Create | Villager (Male) |
| 20:45 | Create | Archer |
| 20:45 | Create | Archer |
| 20:52 | Build | Farm |
| 21:00 | Create | Villager (Male) |
| 21:06 | Create | Archer |
| 21:07 | Create | Villager (Male) |
| 21:08 | Build | Monastery |
| 21:19 | Build | Farm |
| 21:26 | Create | Archer |
| 21:26 | Create | Archer |
| 21:28 | Create | Villager (Male) |
| 21:28 | Create | Villager (Male) |
| 21:31 | Create | Villager (Male) |
| 21:34 | Create | Archer |
| 21:35 | Create | Villager (Male) |
| 21:35 | Create | Villager (Male) |
| 21:47 | Build | Farm |
| 21:49 | Create | Villager (Male) |
| 21:50 | Create | Villager (Male) |
| 21:53 | Create | Villager (Male) |
| 21:55 | Build | Farm |
| 21:58 | Create | Monk |
| 21:58 | Create | Villager (Male) |
| 21:59 | Create | Villager (Male) |
| 22:07 | Create | Villager (Male) |
| 22:09 | Build | Farm |
| 22:13 | Create | Archer |
| 22:13 | Create | Archer |
Match timeline
| 4:26 | Macluffy · first_building Barracks |
| 5:14 | Macluffy · wall_segment Palisade Wall x1 |
| 6:00 | Macluffy · wall_segment Palisade Wall x7 |
| 6:30 | Macluffy · wall_segment Palisade Wall x5 |
| 7:29 | NOC | Terz · wall_segment Palisade Wall x1 |
| 7:39 | NOC | Terz · first_building Barracks |
| 8:04 | NOC | Terz · wall_segment Palisade Wall x1 |
| 8:05 | NOC | Terz · wall_segment Palisade Wall x1 |
| 8:06 | NOC | Terz · wall_segment Palisade Wall x1 |
| 8:20 | Macluffy · wall_segment Palisade Wall x7 |
| 8:20 | NOC | Terz · wall_segment Palisade Wall x1 |
| 8:21 | NOC | Terz · wall_segment Palisade Wall x1 |
| 8:24 | NOC | Terz · wall_segment Palisade Wall x1 |
| 8:25 | NOC | Terz · wall_segment Palisade Wall x1 |
| 8:45 | Macluffy · wall_segment Palisade Wall x1 |
| 8:47 | Macluffy · wall_segment Palisade Wall x5 |
| 8:50 | NOC | Terz · age_up feudal |
| 9:11 | NOC | Terz · first_building Archery Range |
| 10:35 | Macluffy · age_up feudal |
| 10:41 | Macluffy · first_building Archery Range |
| 10:55 | Macluffy · wall_segment Palisade Wall x11 |
| 11:20 | Macluffy · wall_segment Palisade Wall x4 |
| 11:32 | Macluffy · wall_segment Palisade Wall x10 |
| 12:14 | NOC | Terz · wall_segment Palisade Wall x1 |
| 13:20 | NOC | Terz · wall_segment Palisade Wall x17 |
| 13:43 | NOC | Terz · wall_segment Palisade Wall x5 |
| 14:12 | NOC | Terz · wall_segment Palisade Wall x1 |
| 18:37 | Macluffy · first_market_sell 100 stone |
| 18:38 | Macluffy · first_market_buy 100 food |
| 20:03 | NOC | Terz · age_up castle |
| 21:08 | NOC | Terz · first_building Monastery |
| 21:19 | Macluffy · first_building Stable |
| 22:14 | Macluffy · age_up castle |
| 23:03 | NOC | Terz · first_building Siege Workshop |
| 23:38 | Macluffy · first_building Monastery |
| 24:49 | Macluffy · first_building Siege Workshop |
| 32:23 | NOC | Terz · age_up imperial |
| 33:58 | NOC | Terz · first_building Castle |
| 35:13 | Macluffy · age_up imperial |
| 35:16 | Macluffy · first_building Castle |
| 36:21 | NOC | Terz · first_building Stable |
| 42:18 | Macluffy · resign |
[ AI ANALYSIS · 1 CREDIT ]
What really happened in this match?
Wolo.gg analyzes every decision: build order, eco, micro, common mistakes by bracket. Personalized analysis on WhatsApp or Discord in 30 seconds.
Civ guide
Spanish
Perfil
Jugador #453821